AoeStats
← The Grand Wazoo

Golden Pit

503463473Analyzed
1v1 RM · 1mo ago on Aug 31, 2026· 60m 0s· 2 players
Game mode
Random Map
Map size
Tiny (2 player)
Population
200
Speed
Normal
Resources
Standard
Victory
Conquest
Starting age
Dark Age
Ending age
Imperial Age
RankedLock teamsTeams togetherTeam positionsShared explorationLock speedFull tech treeHidden civsTurbo modeCheats
Victory
Defeat
🇩🇪 Celts · Germany
540
+16
🇨🇭 Koreans · Switzerland
545
-16
d.olla
1:31 Loom
11:30 Feudal Age
12:10 Double-Bit Axe
12:09 Horse Collar
17:47 Wheelbarrow
17:14 Gold Mining
21:37 Castle Age
20:10 Man-at-Arms
21:29 Arson
22:01 Forging
22:04 Stone Mining
22:45 Bow Saw
22:35 Long Swordsman
23:01 Gambesons
24:09 Scale Mail Armor
23:58 Pikeman
26:03 Chain Mail Armor
26:54 Iron Casting
27:32 Hand Cart
35:25 Stronghold
38:45 Imperial Age
40:35 Hoardings
40:54 Stone Shaft Mining
40:55 Gold Shaft Mining
43:30 Masonry
43:26 Siege Engineers
43:18 Murder Holes
43:04 Treadmill Crane
43:35 Fortified Wall
44:03 Sappers
46:34 Heavy Plow
47:57 Plate Mail Armor
49:22 Conscription
49:43 Town Watch
51:07 Ballistics
50:19 Capped Ram
50:48 Two-Handed Swordsman
52:41 Town Patrol
54:00 Furor Celtica
55:34 Chemistry
55:34 Onager
55:40 Siege Ram
55:52 Halberdier
56:03 Halberdier
56:09 Champion
The Grand Wazoo
11:05 Feudal Age
9:45 Loom
13:03 Double-Bit Axe
15:15 Wheelbarrow
14:29 Horse Collar
19:25 Fletching
19:46 Forging
20:05 Man-at-Arms
21:51 Gold Mining
28:36 Castle Age
29:25 Bodkin Arrow
30:49 Bow Saw
30:42 Heavy Plow
31:26 Iron Casting
30:53 Murder Holes
31:08 Stone Mining
30:57 Pikeman
36:13 Squires
36:19 Scale Mail Armor
38:54 Masonry
42:28 Imperial Age
47:39 Two-Man Saw
48:04 Thumb Ring
48:40 Elite Skirmisher
52:17 Chemistry
51:37 Siege Engineers
52:02 Ballistics
52:57 Stone Shaft Mining
56:29 Arrowslits
Connection lost

Rejoining the realm…

Still unreachable

The connection could not be restored.

Session expired

The server has moved on; the page needs a fresh start.